 Dungeon Crawl Stone Soup version 0.31.0 (webtiles) character file.

Game seed: 17472371140116535265

4454 qw the Skirmisher (level 10, -1/65 HPs)
             Began as a Gargoyle Hunter on Jan 19, 2024.
             Was a Priest of Okawaru.
             Slain by a wyvern (11 damage)
             ... on level 8 of the Dungeon.
             The game lasted 00:00:31 (5432 turns).

qw the Skirmisher (Gargoyle Hunter)                 Turns: 5432, Time: 00:00:31

Health: -1/65      AC: 10    Str: 22    XL:     10   Next: 37%
Magic:  10/13      EV: 19    Int:  9    God:    Okawaru [***...]
Gold:   519        SH:  0    Dex: 20    Spells: 9/9 levels left

rFire   . . .        a - +2 shortbow (heavy)
rCold   . . .        (shield currently unavailable)
rNeg    + . .        l - +0 steam dragon scales
rPois   inf          (no helmet)
rElec   +            (no cloak)
rCorr   +            (no gloves)
SInv    .            (no boots)
Will    +++..        b - amulet of regeneration
Stlth   ++++         k - ring of the Growing Gods {rF- Will+++ rCorr Str+6 Dex+3}
HPRegen 1.10/turn    f - ring of protection from fire
MPRegen 0.13/turn

%: no passive effects
@: heroic, corroded
A: sickness immunity, AC +7, negative energy resistance 1, electricity
resistance, torment resistance 1, petrification resistance
a: Renounce Religion, Heroism


You were on level 8 of the Dungeon.
You worshipped Okawaru.
Okawaru was most pleased with you.
You visited 2 branches of the dungeon, and saw 9 of its levels.

You collected 519 gold pieces.


Innate Abilities, Weirdness & Mutations

You are immune to sickness and miasma.
Your stone body is resilient. (AC +7)
You are immune to poison.
You resist negative energy. (rN+)
You are resistant to electric shocks. (rElec)
You are resistant to unholy torment.
You are immune to petrification.


   Skills:
 - Level 8.5(13.5) Fighting
 + Level 11.0(16.0) Ranged Weapons
 - Level 3.3(8.3) Armour
 - Level 4.6(9.6) Dodging
 - Level 1.1(6.1) Stealth
 - Level 4.8 Invocations


You had 9 spell levels left.
You didn't know any spells.
Your spell library was empty.

Inventory:

Hand Weapons
 a - a +2 heavy shortbow (weapon)
Armour
 l - +0 steam dragon scales (worn)
Jewellery
 b - an amulet of regeneration (around neck)
 f - a ring of protection from fire (right hand)
 k - the ring of the Growing Gods (left hand) {rF- Will+++ rCorr Str+6 Dex+3}
   (You acquired it on level 6 of the Dungeon)

   [ring of strength]

   Str+6:     It affects your strength (+6).
   Dex+3:     It affects your dexterity (+3).
   rF-:       It makes you vulnerable to fire.
   Will+++:   It greatly increases your willpower.
   rCorr:     It protects you from acid and corrosion.
 Y - a ring of protection from cold
Wands
 j - a wand of polymorph (9)
 r - a wand of digging (6)
Scrolls
 c - 2 scrolls of brand weapon
 q - 2 scrolls of identify
Potions
 d - 4 potions of curing
 e - a potion of brilliance {unknown}
 g - a potion of attraction {unknown}
 h - 2 potions of heal wounds
 i - a potion of resistance {unknown}
 m - a potion of haste {unknown}
 n - 2 potions of enlightenment {unknown}
 o - a potion of berserk rage {unknown}

Dungeon Overview and Level Annotations

Branches:
Dungeon (8/15)             Temple (1/1) D:6
   Lair: D:8-11

Altars:
Ashenzari
Cheibriados
Dithmenos
Elyvilon
Fedhas
Gozag
Hepliaklqana
Kikubaaqudgha
Makhleb
Nemelex Xobeh
Okawaru
Qazlal
Ru
Sif Muna
Trog
Uskayaw
Vehumet
Wu Jian
Xom
Yredelemnul
Zin
The Shining One

Shops:
D:2 =

Annotations:
D:7 2 transporters, qw's ghost, novice GrHu


Message History

You shoot an arrow. The arrow hits the two-headed ogre!!
You kill the two-headed ogre!
Okawaru accepts your kill. The killer bee barely misses you.
The orc warrior misses you.
Your base Ranged Weapons skill increases to level 11!
Your Invocations skill increases to level 4!
You have reached level 10!
You shoot an arrow. The arrow hits the killer bee!!
You kill the killer bee!
Okawaru accepts your kill. The orc warrior closely misses you.
You shoot an arrow. The arrow hits the eight-headed hydra!!
The eight-headed hydra is heavily wounded.
The orc warrior hits you from afar with a +0 glaive.
You shoot an arrow. The arrow hits the eight-headed hydra!!
The eight-headed hydra is severely wounded.
The eight-headed hydra bites you! The eight-headed hydra bites you.
The eight-headed hydra barely misses you.
The eight-headed hydra bites you but does no damage.
The eight-headed hydra bites you.
The eight-headed hydra bites you but does no damage.
The eight-headed hydra misses you.
The eight-headed hydra closely misses you.
The orc warrior barely misses you.
You shoot an arrow. The arrow hits the eight-headed hydra!
You kill the eight-headed hydra!
Okawaru is honoured by your kill. The orc warrior completely misses you.
The acid dragon spits acid at you. The splash of acid hits you. You resist.
The acid corrodes you!
Your base Dodging skill increases to level 4!
You shoot an arrow. Okawaru accepts your kill.
Reactivating autopickup.
You feel a bit more experienced.
The orc warrior hits you from afar with a +0 glaive!
You shoot an arrow. The arrow hits the wyvern!!
The wyvern is almost dead.
The wyvern bites you! The orc warrior misses you. The wyvern bites you!
You die...

#.###
#+#+#+##...#.
##.## ##..##
#8.8# .
#....# ##.##
.. ##.... #.#
... #.....
##.## ....
##.... #8.8#
..... #.....
##.##......
##....
#.@kD...}.
#.....
#.##o.....
##.... #8.8
..... #.....
##.# ....
##.... #.#
.$. #.....
#.# .. ##....
8.8 . #.....
#. ##....
#.....


You could see an orc warrior, a wyvern and an acid dragon (catching breath).

Vanquished Creatures
  A centaur warrior (D:8)
  A hydra (D:8)
  A two-headed ogre (D:8)
  A gargoyle (D:8)
  A shadow (D:7)
  A wyvern (D:5)
  2 steam dragons
  2 ice beasts
  A sky beast (D:7)
  An orc warrior (D:8)
  An ogre (D:6)
  2 kobold brigands (D:7)
  A bullfrog (D:6)
  4 scorpions
  2 wights (D:8)
  A killer bee (D:8)
  A bombardier beetle (D:5)
  2 orc priests
  2 hounds (D:4)
  A jelly (D:7)
  Natasha (thrice) (D:3)
  2 iguanas (D:6)
  5 orc wizards
  10 adders
  11 gnolls
  2 shadow imps
  2 white imps
  2 ufetubi (D:5)
  A dart slug (D:2)
  A ribbon worm (D:5)
  24 orcs
  6 ball pythons
  6 bats
  4 endoplasms
  4 giant cockroaches
  4 goblins
  4 hobgoblins
  7 jackals (D:4)
  7 kobolds
  5 quokkas
  4 frilled lizards
  5 rats
148 creatures vanquished.

Notes
Turn   | Place    | Note
-------+----------+-------------------------------------------
     0 | D:1      | qw the Gargoyle Hunter began the quest for the Orb.
     0 | D:1      | Reached XP level 1. HP: 12/12 MP: 1/1
     0 | D:1      | 0 ||| qw: Version: 0.3-a-132-g3d54051
     0 | D:1      | 0 ||| qw: Game counter: 420
     0 | D:1      | 0 ||| qw: Melee chars always use a shield: true
     0 | D:1      | 0 ||| qw: God list: Okawaru
     0 | D:1      | 0 ||| qw: Allow faded altars: false
     0 | D:1      | 0 ||| qw: Do Orc after clearing Dungeon:15 true
     0 | D:1      | 0 ||| qw: Do second Lair branch before Depths: true
     0 | D:1      | 0 ||| qw: Lair rune preference: random
     0 | D:1      | 0 ||| qw: Goals: Normal
     0 | D:1      | 0 ||| PLANNING D:1-11
   190 | D:1      | Reached XP level 2. HP: 14/17 MP: 2/2
   377 | D:1      | Reached XP level 3. HP: 21/21 MP: 3/3
   666 | D:1      | 666 ||| UPGRADING to +0 ring mail.
   676 | D:1      | 676 ||| DROPPING +0 leather armour.
   677 | D:1      | 677 ||| UPGRADING to ring of protection from cold.
   678 | D:1      | 678 ||| READING scroll labelled HONIURPH YMUCINN.
   679 | D:1      | 679 ||| READING scroll labelled KEUFUI ODDIKOG.
   680 | D:1      | 680 ||| READING scroll labelled HOWYV DUILAY.
   681 | D:1      | 681 ||| READING scroll labelled TOSMAD DYLU.
   681 | D:1      | 681 ||| IDENTIFYING fuming white potion
   682 | D:1      | 682 ||| DROPPING scroll of butterflies.
   683 | D:1      | 683 ||| DROPPING potion of lignification.
   746 | D:2      | Reached skill level 1 in Armour
   762 | D:2      | Reached skill level 5 in Ranged Weapons
   762 | D:2      | 762 ||| FLEEEEING.
  1059 | D:2      | Reached XP level 4. HP: 27/27 MP: 4/4
  1077 | D:2      | Found Maeqir's Jewellery Shoppe.
  1089 | D:2      | 1089 ||| SHOPLISTING +6 ring of dexterity (360 gold, have
                  | 83).
  1089 | D:2      | 1089 ||| SHOPLISTING amulet of faith (400 gold, have 83).
  1089 | D:2      | 1089 ||| SHOPLISTING amulet of regeneration (300 gold, have
                  | 83).
  1089 | D:2      | 1089 ||| SHOPLISTING ring of protection from fire (250
                  | gold, have 83).
  1089 | D:2      | 1089 ||| SHOPLISTING ring of see invisible (150 gold, have
                  | 83).
  1225 | D:2      | 1225 ||| READING scroll labelled SOUTRI POPA.
  1225 | D:2      | 1225 ||| ENCHANTING +0 shortbow.
  1226 | D:2      | 1226 ||| READING scroll labelled KETAIM AXKIFE.
  1227 | D:2      | 1227 ||| READING scroll labelled GAKHEKOCHI.
  1227 | D:2      | 1227 ||| BRANDING +1 shortbow.
  1228 | D:2      | 1228 ||| READING scroll labelled DEDEIK REAGRIH.
  1229 | D:2      | 1229 ||| FLEEEEING.
  1232 | D:2      | 1232 ||| DRINKING 2 red potions.
  1364 | D:3      | Noticed Natasha
  1369 | D:3      | 1369 ||| RETREEEEATING.
  1370 | D:3      | 1370 ||| RETREEEEATING.
  1382 | D:3      | Killed Natasha
  1383 | D:3      | Reached skill level 3 in Fighting
  1541 | D:3      | Reached XP level 5. HP: 22/32 MP: 5/5
  1545 | D:3      | 1545 ||| FLEEEEING.
  1666 | D:3      | 1666 ||| READING scroll of enchant weapon.
  1666 | D:3      | 1666 ||| ENCHANTING +1 heavy shortbow.
  1709 | D:3      | Noticed Natasha
  1711 | D:3      | Killed Natasha
  1740 | D:3      | Noticed Natasha
  1742 | D:3      | Killed Natasha
  1743 | D:3      | Reached skill level 6 in Ranged Weapons
  1993 | D:3      | 1993 ||| UPGRADING to ring of protection from fire.
  2047 | D:4      | Reached XP level 6. HP: 38/38 MP: 6/6
  2186 | D:4      | 2186 ||| FLEEEEING.
  2195 | D:4      | 2195 ||| STAIRDANCE
  2210 | D:3      | 2210 ||| READING scroll labelled JESHRIH IFAVIXZAUCS.
  2224 | D:4      | Noticed a steam dragon
  2232 | D:4      | Killed a steam dragon
  2233 | D:4      | Reached skill level 7 in Ranged Weapons
  2233 | D:4      | Reached XP level 7. HP: 28/43 MP: 7/7
  2233 | D:4      | 2233 ||| FLEEEEING.
  2752 | D:4      | 2752 ||| UPGRADING to +0 steam dragon scales.
  2762 | D:4      | 2762 ||| DROPPING +0 ring mail.
  2763 | D:4      | 2763 ||| DROPPING ring of wizardry.
  2793 | D:5      | Entered Level 5 of the Dungeon
  2804 | D:5      | 2804 ||| STAIRDANCE
  2806 | D:4      | 2806 ||| FLEEEEING.
  2896 | D:5      | Reached skill level 8 in Ranged Weapons
  3040 | D:5      | Noticed a wyvern
  3047 | D:5      | Killed a wyvern
  3157 | D:5      | 3157 ||| FLEEEEING.
  3192 | D:5      | Reached XP level 8. HP: 49/49 MP: 8/8
  3711 | D:5      | 3711 ||| READING scroll of identify.
  3711 | D:5      | 3711 ||| IDENTIFYING fuming blue potion
  3712 | D:5      | 3712 ||| READING scroll labelled ZODORU MUHAN.
  3713 | D:5      | 3713 ||| DROPPING potion of ambrosia.
  3727 | D:6      | 3727 ||| STAIRDANCE
  3729 | D:5      | 3729 ||| FLEEEEING.
  3851 | D:6      | 3851 ||| STAIRDANCE
  3858 | D:5      | 3858 ||| FLEEEEING.
  3885 | D:6      | 3885 ||| STAIRDANCE
  3929 | D:6      | 3929 ||| STAIRDANCE
  3952 | D:6      | Reached skill level 9 in Ranged Weapons
  3952 | D:6      | 3952 ||| RETREEEEATING.
  3965 | D:6      | Reached skill level 6 in Fighting
  3979 | D:6      | 3979 ||| FLEEEEING.
  3983 | D:6      | 3983 ||| STAIRDANCE
  4342 | D:6      | Found a staircase to the Ecumenical Temple.
  4343 | D:6      | 4343 ||| PLANNING TEMPLE
  4343 | D:6      | 4343 ||| DROPPING +1 ring mail of poison resistance.
  4344 | D:6      | 4344 ||| UPGRADING to amulet of regeneration.
  4349 | D:6      | 4349 ||| READING scroll labelled GERAEBIH CUTH.
  4349 | D:6      | Identified a scroll of acquirement
  4349 | D:6      | 4349 ||| ACQUIRING ring of the Growing Gods {rF- Will+++
                  | rCorr Str+6 Dex+3}
  4349 | D:6      | Acquired the ring of the Growing Gods {rF- Will+++ rCorr
                  | Str+6 Dex+3}
  4350 | D:6      | 4350 ||| DRINKING 2 emerald potions.
  4358 | Temple   | Entered the Ecumenical Temple
  4359 | Temple   | 4359 ||| PLANNING OKAWARU WORSHIP
  4369 | Temple   | Became a worshipper of Warmaster Okawaru
  4370 | Temple   | 4370 ||| PLANNING D:1-11
  4535 | D:6      | 4535 ||| UPGRADING to ring of the Growing Gods {rF- Will+++
                  | rCorr Str+6 Dex+3}.
  4537 | D:6      | 4537 ||| READING scroll labelled KUSTIS EMORGHUYCA.
  4538 | D:6      | 4538 ||| FLEEEEING.
  4761 | D:7      | Reached skill level 3 in Dodging
  4761 | D:7      | Reached XP level 9. HP: 55/55 MP: 9/9
  4805 | D:7      | Noticed a boulder beetle
  4812 | D:7      | Reached skill level 10 in Ranged Weapons
  4819 | D:7      | 4819 ||| FLEEEEING.
  4825 | D:7      | Reached skill level 3 in Armour
  4860 | D:7      | Found a transporter.
  4863 | D:7      | Noticed qw's ghost (novice GrHu)
  4869 | D:7      | Found a transporter.
  5057 | D:7      | Found a sparkling altar of Nemelex Xobeh.
  5059 | D:7      | 5059 ||| READING scroll labelled SAARUASHIUTH.
  5060 | D:7      | 5060 ||| DROPPING potion of degeneration.
  5061 | D:7      | 5061 ||| DROPPING wand of flame (9).
  5259 | D:8      | Noticed a centaur warrior
  5260 | D:8      | 5260 ||| ZAPPING wand of light (6) at 3,0 (centaur warrior;
                  | floor).
  5261 | D:8      | 5261 ||| ZAPPING wand of light (5) at 3,0 (centaur warrior;
                  | floor).
  5262 | D:8      | 5262 ||| ZAPPING wand of light (4) at 2,1 (centaur warrior;
                  | floor).
  5263 | D:8      | 5263 ||| ZAPPING wand of light (3) at 2,1 (centaur warrior;
                  | floor).
  5264 | D:8      | 5264 ||| ZAPPING wand of light (2) at 1,0 (centaur warrior;
                  | open_door).
  5265 | D:8      | 5265 ||| ZAPPING wand of light (1) at 1,0 (centaur warrior;
                  | open_door).
  5268 | D:8      | Killed a centaur warrior
  5268 | D:8      | Reached * piety under Okawaru
  5269 | D:8      | 5269 ||| FLEEEEING.
  5318 | D:8      | Reached skill level 1 in Invocations
  5323 | D:8      | Reached ** piety under Okawaru
  5324 | D:8      | 5324 ||| FLEEEEING.
  5417 | D:8      | Noticed a gargoyle
  5418 | D:8      | 5418 ||| INVOKING Heroism.
  5421 | D:8      | Noticed a two-headed ogre
  5421 | D:8      | Noticed an eight-headed hydra
  5423 | D:8      | Killed a gargoyle
  5424 | D:8      | Reached skill level 3 in Invocations
  5426 | D:8      | Killed a two-headed ogre
  5427 | D:8      | Reached skill level 11 in Ranged Weapons
  5427 | D:8      | Reached XP level 10. HP: 44/65 MP: 9/13
  5430 | D:8      | Killed an eight-headed hydra
  5431 | D:8      | Reached *** piety under Okawaru
  5432 | D:8      | HP: 10/65 [wyvern (9)]
  5432 | D:8      | Slain by a wyvern

Levels and vault maps discovered:
D:1:      spicycebolla_green_bress_n_ham, layout_loops_ring, minivault_26,
          minmay_misc_feat_encased, roderic_roman_lattice, minmay_bisected
D:2:      layout_basic, serial_shops, shop
D:3:      layout_loops_cross, chequers_jeans, supply_closet_lemuel,
          item_on_display_a, uniq_natasha
D:4:      layout_gridville, serial_rivers, chequers_serial_rivers_small_b,
          chequers_serial_rivers_large_b, chequers_serial_rivers_small_a,
          chequers_serial_rivers_micro_e, chequers_serial_rivers_room_a,
          chequers_serial_rivers_micro_c, nicolae_underground_beach
D:5:      layout_basic, minmay_misc_feat_chi
D:6:      layout_rooms, minmay_temple_entry_wispy,
          chequers_serial_rivers_micro_b, kennysheep_minor_cross
D:7:      layout_rooms, lemuel_coloured_pillars_altar, gammafunk_ghost_arena,
          blue_anna_alchemist
D:8:      wad_statue_garden, layout_cave_pools, grunt_ministairs_12,
          minmay_gold_behind_fungi, nicolae_transporter_intersection
Temple:   mainiacjoe_temple_circle_huts

Skill      XL: |  1  2  3  4  5  6  7  8  9 10 |
---------------+-------------------------------+-----
Armour         | 1 3 |  3.3
Ranged Weapons | 5 6 7 8 9 11 | 11.0
Fighting       | 3 4 5 6 8 |  8.5
Dodging        | 2 3 4 |  4.6
Invocations    | 4 |  4.8
Stealth        | |  1.1

Action                     |  1- 3 |  4- 6 |  7- 9 | 10-12 || total
---------------------------+-------+-------+-------+-------++-------
   Fire: Shortbow          |   101 |   100 |   224 |     6 ||   431
 Invoke: Heroism           |       |       |     1 |       ||     1
  Evoke: Wand              |       |       |     6 |       ||     6
    Use: Scroll            |     4 |     6 |     5 |       ||    15
         Potion            |       |     1 |     1 |       ||     2
 Armour: Leather armour    |    16 |       |       |       ||    16
         Ring mail         |    27 |    69 |       |       ||    96
         Steam dragon scal |       |       |   113 |    10 ||   123
  Dodge: Dodged            |    41 |    49 |   114 |     7 ||   211

Table legend:
 A = Non-vault XP
 B = Vault XP
 C = Vault XP percentage of total XP
 D = Non-vault monster count
 E = Vault monster count
 F = Vault count percentage of total count
                 A         B        C        D         E       F
            +---------+---------+-------+---------+---------+-------
      Total |    2733 |    3630 |  57.0 |     133 |      15 |  10.1
            +---------+---------+-------+---------+---------+-------
        D:1 |      32 |       6 |  15.8 |      19 |       3 |  13.6
        D:2 |      48 |       0 |   0.0 |      13 |       0 |   0.0
        D:3 |     153 |      35 |  18.6 |      15 |       1 |   6.2
        D:4 |     386 |       0 |   0.0 |      17 |       0 |   0.0
        D:5 |     788 |       0 |   0.0 |      26 |       0 |   0.0
        D:6 |     654 |       0 |   0.0 |      16 |       0 |   0.0
        D:7 |     604 |      92 |  13.2 |      17 |       1 |   5.6
        D:8 |      68 |    3497 |  98.1 |      10 |      10 |  50.0
            +---------+---------+-------+---------+---------+-------
